 Dungeon Crawl Stone Soup version 0.30-a0-723-gc1506a1cf0 (webtiles) character file.

Game seed: 16069056210052697901

116 BubbleThief the Vexing (level 4, -4/19 HPs)
             Began as a Felid Enchanter on Jan 29, 2023.
             Slain by Grinder (5 damage)
             ... on level 3 of the Dungeon.
             The game lasted 00:07:30 (3101 turns).

BubbleThief the Vexing (Felid Enchanter)            Turns: 3101, Time: 00:07:30

Health: -4/19      AC:  1    Str:  4    XL:     4   Next: 69%
Magic:  6/9        EV: 17    Int: 17    God:
Gold:   174        SH:  0    Dex: 18    Spells: 1/9 levels left
                                        Lives:  0   Deaths: 1

rFire   + . .      SeeInvis +      - Unarmed
rCold   . . .      Faith    .    (shield unavailable)
rNeg    . . .      Spirit   .    (body armour unavailable)
rPois   .          Reflect  .    (helmet unavailable)
rElec   .          Harm     .    (cloak unavailable)
rCorr   .          Rampage  .    (gloves unavailable)
Will    .....                    (boots unavailable)
Stlth   +++                      (no amulet)
HPRegen 0.23/turn                p - ring of protection from fire
MPRegen 0.11/turn                (no ring)

@: confusing by touch, quick
A: very small, claws 1, fangs 3, see invisible, speed 1, shaggy fur 1, stealthy
paws, no weapons or thrown items, no armour, multi-lived
a: no special abilities


You were on level 3 of the Dungeon.
You visited 1 branch of the dungeon, and saw 3 of its levels.

You collected 174 gold pieces.

Inventory:

Jewellery
 p - a ring of protection from fire (left paw)
Scrolls
 b - a scroll of silence {unknown}
 d - a scroll of vulnerability {unknown}
 f - 2 scrolls of poison {unknown}
 g - 2 scrolls of teleportation {unknown}
 h - a scroll of butterflies {unknown}
 k - a scroll of amnesia {unknown}
 l - 2 scrolls of fear {unknown}
 o - a scroll of enchant armour {unknown}
 q - a scroll of identify {unknown}
Potions
 a - 2 potions of invisibility
 c - 3 potions of heal wounds {unknown}
 e - a potion of might {unknown}
 i - a potion of flight {unknown}
 j - a potion of mutation {unknown}
 m - 3 potions of curing {unknown}
 n - a potion of attraction {unknown}


   Skills:
 + Level 2.3 Fighting
 - Level 2.6 Dodging
 + Level 5.4 Stealth
 + Level 2.5 Unarmed Combat
 + Level 3.0 Spellcasting
 + Level 5.6 Hexes


You had one spell level left.
You knew the following spells:

 Your Spells              Type           Power      Damage    Failure   Level
a - Ensorcelled Hibernat  Hex/Ice        24%        N/A       9%          2
b - Confusing Touch       Hex            21%        N/A       5%          3
c - Tukima's Dance        Hex            21%        N/A       5%          3

Your spell library contained the following spells:

 Spells                   Type           Power      Damage    Failure   Level
 Dazzling Flash           Conj/Hex       24%        N/A       16%         3
 Stone Arrow              Conj/Erth      4%         3d7       45%         3
 Lehudib's Crystal Spear  Conj/Erth      1%         10d2      100%        8
 Animate Armour           Summ/Erth      Unusable   N/A       N/A         4

Dungeon Overview and Level Annotations

Branches:
Dungeon (3/15)

Altars:
Fedhas
Makhleb
Xom

Annotations:
D:3 Grinder


Innate Abilities, Weirdness & Mutations

You have sharp claws.
You have razor-sharp teeth.
You have supernaturally acute eyesight. (SInv)
You cover ground quickly. (Speed+)
You are covered in fur. (AC +1)
Your paws help you pounce on unaware monsters.
You are incapable of wielding weapons or throwing items.
You cannot wear armour.
You gain extra lives every three experience levels.


Message History

You writhe in agony.
* * * LOW HITPOINT WARNING * * *
You pounce on the helpless giant cockroach from behind!
You claw the giant cockroach!
You kill the giant cockroach!
Grinder barely misses you.
Casting: Confusing Touch (quite dangerous; 5% risk of failure)
Confirm with . or Enter, or press ? or * to list all spells.
The spell is quite dangerous to miscast (5% risk of failure)!
Continue anyway?
Your paws begin to glow red.
Grinder closely misses you.
You scratch Grinder but do no damage.
Grinder appears confused.
You scratch Grinder. You bite Grinder, but do no damage.
Grinder is lightly wounded.
You catch the helpless Grinder completely off-guard!
You claw Grinder!
Grinder is moderately wounded.
You scratch Grinder but do no damage. You bite Grinder, but do no damage.
Grinder is moderately wounded.
You barely miss Grinder.
Grinder is moderately wounded.
Grinder hits you!
You die...
You are now level 4!
You rejoin the land of the living...
Things that are here:
a jackal skeleton; a jackal skeleton; a jackal skeleton
m - 3 amethyst potions (gained 1)
You now have 174 gold pieces (gained 8).
Grinder is nearby!
You barely miss Grinder.
Grinder shouts!
Grinder is moderately wounded.
Grinder hits you.
You writhe in agony.
Casting: Confusing Touch (quite dangerous; 5% risk of failure)
Confirm with . or Enter, or press ? or * to list all spells.
The spell is quite dangerous to miscast (5% risk of failure)!
Continue anyway?
Your paws begin to glow red.
Grinder hits you!
* * * LOW HITPOINT WARNING * * *
You writhe in agony.
You die...

#.......### #
###.........######
##...............##
.........#.......## .......
.........#.......## ........
.........####<...## #......
#......#####....## #.....#
#.5.............# #.....#
#@..............#
#.....####...............##
#.....##...#....#####.[....
#........#.#....###........
#.....#..#.+......+........
###...#....#.)..###........
#.#......####...###......
#....>...####............
######..#.#.....)....##......


You could see Grinder.

Vanquished Creatures
  Natasha (thrice) (D:2)
  3 gnolls (D:2)
  2 adders (D:3)
  A worm (D:2)
  A dart slug (D:1)
  5 orcs (D:3)
  9 endoplasms
  5 giant cockroaches
  10 goblins
  5 hobgoblins
  15 jackals
  A quokka (D:1)
  5 ball pythons
  5 bats
  3 frilled lizards
  6 kobolds
  6 rats
85 creatures vanquished.

Notes
Turn   | Place    | Note
-------+----------+-------------------------------------------
     0 | D:1      | BubbleThief the Felid Enchanter began the quest for the
                  | Orb.
     0 | D:1      | Reached XP level 1. HP: 7/7 MP: 4/4
   205 | D:1      | Reached XP level 2. HP: 12/12 MP: 6/6
   213 | D:1      | Learned a level 2 spell: Ensorcelled Hibernation
   229 | D:1      | You fall into a shaft and drop 1 floor!
   435 | D:2      | Found a blossoming altar of Fedhas.
   454 | D:2      | Noticed Natasha
   463 | D:2      | Killed Natasha
   464 | D:2      | Reached skill level 1 in Fighting
   464 | D:2      | Reached XP level 3. HP: 4/15 MP: 2/7
   479 | D:2      | Noticed Natasha
   495 | D:2      | Killed Natasha
   496 | D:2      | Reached skill level 5 in Hexes
   496 | D:2      | Reached XP level 4. HP: 11/19 MP: 0/8
   531 | D:2      | Learned a level 3 spell: Confusing Touch
   598 | D:2      | Noticed Natasha
   608 | D:2      | Killed Natasha
   747 | D:2      | Reached skill level 5 in Stealth
  1077 | D:2      | Reached XP level 5. HP: 17/22 MP: 0/10
  1687 | D:1      | Found a faded altar of an unknown god.
  2315 | D:3      | Found a burning altar of Makhleb.
  2782 | D:3      | Found a shimmering altar of Xom.
  2928 | D:3      | Learned a level 3 spell: Tukima's Dance
  3025 | D:3      | Noticed Grinder
  3036 | D:3      | Paralysed by Grinder for 3 turns
  3044 | D:3      | Paralysed by Grinder for 4 turns
  3048 | D:3      | HP: 1/22 [Grinder (1)]
  3055 | D:3      | Mangled by Grinder
  3056 | D:3      | Reached XP level 4. HP: -6/19 MP: 4/9
  3101 | D:3      | Slain by Grinder

Illustrated notes

Levels and vault maps discovered:
D:1:      dpeg_arrival_oval, layout_loops_corners,
          shapermc_ecumenical_altar_mp_urbaneastern, grunt_decor_one_mirror,
          minmay_crystal_room
D:2:      minmay_evil_eye, layout_basic, basic_altar, uniq_natasha
D:3:      layout_basic, old_standard_altar, mainiacjoe_overflow_surrounded_room,
          uniq_grinder

Skill      XL: |  1  2  3  4  5 |
---------------+----------------+-----
Fighting       | 1 2 |  2.3
Hexes          | 5 |  5.6
Unarmed Combat | 2 |  2.5
Stealth        | 5 |  5.4
Spellcasting   | 3 |  3.0
Dodging        | |  2.6

Action                     |  1- 3 |  4- 6 || total
---------------------------+-------+-------++-------
  Melee: Unarmed           |    51 |   183 ||   234
         Bite              |     2 |    13 ||    15
         Punch             |       |     4 ||     4
   Cast: Ensorcelled Hiber |     5 |    29 ||    34
         Confusing Touch   |       |     6 ||     6
   Stab: Sleeping          |     9 |    38 ||    47
         Confused          |       |     4 ||     4
         Distracted        |       |     1 ||     1
 Armour: Skin              |     1 |     8 ||     9
  Dodge: Dodged            |    35 |   126 ||   161

Table legend: (Time is in decaauts)
 A = Elapsed time spent in this place.
 B = Non-inter-level travel time spent in this place.
 C = Inter-level travel time spent in this place.
 D = Time resting spent in this place.
 E = Time spent auto-exploring this place.
 F = Levels seen in this place.
 G = Mean time per level.
                   A        B        C        D        E       F      G
               +--------+--------+--------+--------+--------+-----+--------+
         Total |   2666 |   2578 |     88 |     46 |   1787 |   3 |  888.7 |
       Dungeon |   2666 |   2578 |     88 |     46 |   1787 |   3 |  888.7 |
               +--------+--------+--------+--------+--------+-----+--------+

Top non-repeatable levels by time:
     D:2: 1063 daAuts
     D:1: 836 daAuts
     D:3: 766 daAuts
